Map: Oceanborn LE

Players

KeepRolliN

  • Race: Zerg Zerg
  • League: Diamond
  • Spawn Location: 5:00

demzi - Winner!

  • Race: Zerg Zerg
  • League: Platinum
  • Spawn Location: 11:00

VOD

Have the link to the VOD?

Description

Time

  • Played on: March 24, 2024, 9:55 a.m.
  • Length: 9:05
Show
View Real Time Build Order
Export as new Build Order

KeepRolliN Zerg 

Build Orders: Hatch First 

Get SALT Encoding   

  12  0:02  Drone  
  13  0:12  Overlord  
  13  0:18  Drone  
  14  0:22  Extractor  
  14  0:24  Drone  
  15  0:32  Drone  
  16  0:35  Drone  
  17  0:55  Hatchery  
  16  1:01  Extractor  
  15  1:13  Evolution Chamber  
  15  1:17  Spawning Pool  
  15  1:18  Drone x2  
  16  1:25  Drone  
  17  1:36  Drone  
  18  1:46  Drone  
  19  1:51  Overlord  
  19  2:09  Roach Warren, Queen  
  19  2:11  Queen  
  19  2:15  Drone  
  23  2:25  Drone  
  23  2:26  Drone x2  
  26  2:32  Extractor  
  26  2:36  Drone x2  
  27  2:54  Queen  
  29  2:59  Roach x3  
  29  3:03  Overlord  
  35  3:23  Roach x3  
  41  3:29  Roach  
  41  3:31  Overlord x2  
  43  3:49  Roach x2  
  43  3:52  Roach x2  
  43  3:53  Roach  
  53  3:59  Metabolic Boost  
  53  4:03  Zergling x4  
  55  4:13  Roach x2  
  54  4:55  Roach x3  
  54  4:58  Overlord x2  
  54  4:59  Overlord x2  
  59  5:00  Overlord  
  49  5:18  Zergling x2  
  49  5:19  Zergling x4  
  54  5:28  Roach x3  
  49  6:06  Roach x2  
  49  6:07  Roach x3  
  49  6:16  Drone  
  46  6:25  Lair  
  46  6:27  Drone  
  46  6:28  Drone x5  
  52  6:34  Drone x2  
  52  6:37  Extractor  
  52  6:39  Extractor  
  52  6:55  Drone x3  
  52  6:59  Drone x5  
  60  7:03  Zergling x4  
  48  7:23  Zergling x8  
  42  7:31  Roach x2  
  42  7:32  Roach x4  
  29  7:59  Drone x2  
  29  8:03  Drone x5  
  29  8:04  Queen  
  37  8:06  Queen  
  39  8:18  Drone  
  40  8:22  Spire  
  40  8:26  Drone x3  
  42  8:28  Drone  
  43  8:46  Drone  
  44  8:49  Drone x2  
Show
View Real Time Build Order
Export as new Build Order

demzi Zerg - Winner!

Build Orders: Hatch First 

Get SALT Encoding   

  12  0:00  Drone  
  13  0:13  Overlord  
  13  0:18  Drone  
  14  0:31  Drone x2  
  16  0:50  Hatchery  
  16  0:52  Drone  
  16  0:56  Drone  
  17  0:59  Drone  
  18  1:10  Drone, Extractor  
  18  1:20  Spawning Pool  
  18  1:24  Drone  
  18  1:28  Drone  
  19  1:39  Drone  
  20  2:06  Drone  
  20  2:07  Zergling x4  
  23  2:09  Queen  
  23  2:10  Queen  
  27  2:19  Drone  
  27  2:21  Overlord  
  28  2:39  Drone  
  28  2:41  Drone x3  
  32  2:49  Queen  
  32  2:50  Roach Warren  
  33  2:53  Drone x2  
  35  3:00  Evolution Chamber  
  35  3:02  Drone x2  
  35  3:03  Evolution Chamber  
  35  3:10  Drone  
  35  3:11  Overlord  
  36  3:26  Overlord x2  
  36  3:30  Drone x4  
  36  3:33  Drone x2  
  42  3:38  Zerg Missile Weapons Level 1  
  42  3:44  Zerg Ground Armor Level 1  
  42  3:49  Lair  
  42  3:52  Drone  
  42  3:54  Extractor  
  43  3:55  Drone  
  43  3:56  Extractor  
  43  3:57  Drone  
  43  4:02  Roach  
  45  4:11  Spine Crawler  
  45  4:12  Spine Crawler  
  45  4:14  Roach x2  
  47  4:23  Roach  
  48  4:30  Roach  
  41  4:38  Roach  
  41  4:47  Roach  
  40  5:01  Roach  
  40  5:12  Roach  
  40  5:23  Roach x2  
  40  5:24  Roach  
  44  5:29  Roach  
  44  5:31  Roach  
  46  5:36  Roach  
  48  5:46  Roach x2  
  48  5:47  Roach  
  52  5:59  Roach x3  
  50  6:14  Roach x4  
  58  6:23  Roach  
  60  6:26  Overlord  
  60  6:33  Overlord  
  60  6:44  Drone x3  
  63  6:51  Drone x2  
  65  6:55  Drone  
  65  6:59  Drone  
  59  7:28  Roach x6  
  69  7:31  Roach  
  69  7:57  Roach  
  69  7:58  Roach x4  
  63  8:10  Roach  
  63  8:11  Roach  
  67  8:16  Roach x2  
  67  8:17  Roach x2  
  75  8:22  Overlord  
  75  8:23  Overlord  
  75  8:37  Overlord  
  75  8:44  Roach x4  
Tags
 
Add a new tag
Caveats
  • Supply blocks, unpowered buildings, or Contaminate may cause inaccurate times.
  • Supply counts are checked every 10 seconds.